 Dungeon Crawl Stone Soup version 0.27.0-1-g7a089689b8 (webtiles) character file.

Game seed: 2168083724513054637

882 wakim the Cleaver (level 8, 0/70 HPs)
             Began as a Hill Orc Monk on Aug 7, 2021.
             Was an Initiate of Gozag.
             Slain by an ogre (12 damage)
             ... on level 5 of the Dungeon.
             The game lasted 00:17:30 (6240 turns).

wakim the Cleaver (Hill Orc Monk)                   Turns: 6240, Time: 00:17:31

Health: 0/70       AC: 12    Str: 16    XL:     8   Next: 5%
Magic:  8/8        EV: 10    Int: 13    God:    Gozag
Gold:   837        SH:  5    Dex: 13    Spells: 7/7 levels left

rFire    . . .     SeeInvis .   a - +0 war axe (drain)
rCold    . . .     Faith    .   o - +0 buckler
rNeg     . . .     Spirit   .   c - +0 scale mail
rPois    .         Reflect  .   d - +2 helmet {Int+3}
rElec    .         Harm     .   (no cloak)
rCorr    .         Rampage  .   j - +1 pair of gloves
Will     .....                  (no boots)
Stlth    ..........             h - amulet of the acrobat
HPRegen  0.21/turn              (no ring)
MPRegen  0.11/turn              (no ring)

@: no status effects
A: no striking features
a: Renounce Religion, Potion Petition, Call Merchant, Bribe Branch


You were on level 5 of the Dungeon.
You worshipped Gozag.
Gozag was pleased with you.
You visited 1 branch of the dungeon, and saw 5 of its levels.
You also visited: Sewer.

You collected 837 gold pieces.

Inventory:

Hand Weapons
 a - a +0 war axe of draining (weapon)
 b - a +2 dagger of venom
Missiles
 m - 10 boomerangs (quivered)
 n - 23 poisoned darts
Armour
 c - a +0 scale mail (worn)
 d - a +2 helmet of intelligence (worn)
 j - a +1 pair of gloves (worn)
 o - a +0 buckler (worn)
Jewellery
 f - a ring of ice
 h - an amulet of the acrobat (around neck)
Wands
 v - a wand of flame (15)
Scrolls
 e - a scroll of enchant armour
 k - 2 scrolls of enchant weapon
 Q - a scroll of immolation {!r!r}
 W - a scroll of holy word
Potions
 g - a potion of might {unknown}
 i - a potion of curing {unknown}
 C - a potion of berserk rage {!q}
 H - a potion of haste
 J - 2 potions of heal wounds


   Skills:
 + Level 5.9 Fighting
 * Level 8.4 Axes
 + Level 4.0 Armour
 - Level 2.4 Dodging
 - Level 1.5 Stealth
 - Level 4.0 Shields


You had 7 spell levels left.
You didn't know any spells.
Your spell library contained the following spells:

 Spells                   Type           Power      Damage    Failure   Level
 Slow                     Hex            0%         N/A       85%         2
 Confusing Touch          Hex            0%         N/A       97%         3
 Portal Projectile        Hex/Tloc       0%         N/A       97%         3
 Vampiric Draining        Necr           0%         2d6       97%         3
 Blade Hands              Tmut           0%         N/A       100%        5
 Excruciating Wounds      Necr           0%         N/A       100%        5


Dungeon Overview and Level Annotations

Branches:
Dungeon (5/15)              Sewer (visited)
 Temple: D:4-7

Altars:
Fedhas
Gozag
Kikubaaqudgha


Message History

The orc wizard flickers and vanishes!
Deactivating autopickup; reactivate with Ctrl-A.
The orc misses you.
You slash something!
Reactivating autopickup.
You feel a bit more experienced. The orc barely misses you.
The orc completely misses you.
Things that are here:
6 gold pieces; a +0 dagger; a +0 robe You hit the orc.
You drain the orc.
You kill the orc!
You now have 837 gold pieces (gained 7).
Things that are here:
a +0 trident; a +0 scale mail An ogre comes into view.
It is wielding a +0 giant club.
Unknown command.
Things that are here:
6 gold pieces; a +0 dagger; a +0 robe You completely miss the ogre.
The ogre misses you.
You hit the ogre.
The ogre is lightly wounded.
The ogre misses you.
You slash the ogre!
The ogre is heavily wounded.
The ogre hits you with a +0 giant club!!
* * * LOW HITPOINT WARNING * * *
You barely miss the ogre.
The ogre is heavily wounded.
You block the ogre's attack.
You slash the ogre!
The ogre is almost dead.
You completely miss the ogre.
The ogre is almost dead.
The ogre hits you with a +0 giant club!!
* * * LOW HITPOINT WARNING * * *
You hit the ogre.
The ogre is almost dead.
The ogre hits you with a +0 giant club!
You die...
Your body crumbles into a pile of gold.

##############.#
#..............#
#.############.# #.## #.#
###..## #)#######
#.....##########.......#
#.P.P.........##.......####
###.._...#....#.##..........##
....P.P..+......@#...........#
#.#.....##....###O...........#
<..#.....+....+..............#
#..#.#####....#......####....#
#..#.# ######......# #....#
####.# .........####....####
.# .............#........ .#
......###....#........
.............#........


You could see an ogre.

Vanquished Creatures
  An ogre (D:5)
  Blork the orc (D:4)
  3 bullfrogs
  A scorpion (D:4)
  A water moccasin zombie (D:5)
  A water moccasin skeleton (D:4)
  A vampire bat (D:3)
  An orc priest (D:4)
  2 iguanas
  2 orc wizards (D:5)
  3 gnolls (D:4)
  6 adders
  5 ufetubi
  4 worms
  A dart slug (D:3)
  5 orcs
  8 ball pythons
  3 bat skeletons (D:3)
  4 bat zombies (D:3)
  3 endoplasms
  9 giant cockroaches
  5 goblins
  5 hobgoblins
  A jackal (D:2)
  3 quokkas
  4 bats
  11 frilled lizards
  7 kobolds
  6 rats
107 creatures vanquished.

Notes
Turn   | Place    | Note
-------+----------+-------------------------------------------
     0 | D:1      | wakim the Hill Orc Monk began the quest for the Orb.
     0 | D:1      | Reached XP level 1. HP: 19/19 MP: 1/1
   157 | D:1      | Found a faded altar of an unknown god.
   177 | D:1      | Became a worshipper of Gozag Ym Sagoz the Greedy
   350 | D:1      | Reached XP level 2. HP: 27/27 MP: 2/2
  1073 | D:1      | Reached skill level 1 in Armour
  1359 | D:2      | Reached XP level 3. HP: 33/33 MP: 3/3
  1429 | D:2      | Reached skill level 5 in Axes
  1727 | D:2      | Reached XP level 4. HP: 15/40 MP: 4/4
  2656 | D:3      | Noticed a bullfrog
  2672 | D:3      | Killed a bullfrog
  2673 | D:3      | Reached skill level 6 in Axes
  2673 | D:3      | Reached skill level 1 in Shields
  2673 | D:3      | Reached XP level 5. HP: 38/47 MP: 5/5
  2932 | D:3      | Found a glowing drain.
  2977 | Sewer    | Entered a sewer
  3374 | Sewer    | Reached XP level 6. HP: 9/55 MP: 6/6
  3381 | Sewer    | Reached skill level 5 in Fighting
  3923 | D:3      | Found an ancient bone altar of Kikubaaqudgha.
  4084 | D:4      | Noticed Blork the orc
  4102 | D:4      | Killed Blork the orc
  4103 | D:4      | Reached skill level 7 in Axes
  4103 | D:4      | Reached XP level 7. HP: 32/61 MP: 7/7
  5195 | D:4      | HP: 2/61 [orc priest/divine providence (9)]
  5835 | D:5      | Entered Level 5 of the Dungeon
  5835 | D:5      | Found a blossoming altar of Fedhas.
  5970 | D:5      | Reached skill level 8 in Axes
  6142 | D:5      | Reached XP level 8. HP: 31/70 MP: 8/8
  6240 | D:5      | Slain by an ogre

Illustrated notes

Levels and vault maps discovered:
D:1:      lemuel_arrival_funnel, layout_loops_ring,
          shapermc_ecumenical_altar_pompeii
D:2:      layout_rooms, minmay_nonomino_d4
D:3:      layout_rooms, kennysheep_vampire_church, cheibrodos_sewer_entry_bend,
          wander_ebering_terrifying_dragon_lair
D:4:      layout_basic, uniq_blork_the_orc
D:5:      layout_basic, fedhas_altar_1

Skill      XL: |  1  2  3  4  5  6  7 |
---------------+----------------------+-----
Armour         | 1 2 3 4 |  4.0
Fighting       | 4 5 |  5.9
Axes           | 5 6 7 8 |  8.4
Shields        | 1 2 3 4 |  4.0
Dodging        | |  2.4
Stealth        | |  1.5

Action                   |  1- 3 |  4- 6 |  7- 9 || total
-------------------------+-------+-------+-------++-------
Melee: Hand axe          |   104 |   207 |    61 ||   372
       War axe           |       |       |    72 ||    72
       Dagger            |       |       |     6 ||     6
  Use: Scroll            |       |     8 |     4 ||    12
       Potion            |       |     2 |       ||     2
 Stab: Sleeping          |     2 |       |       ||     2
       Distracted        |       |     1 |       ||     1
Armor: Robe              |    14 |       |       ||    14
       Ring mail         |    13 |    54 |       ||    67
       Scale mail        |       |     2 |    63 ||    65
Dodge: Dodged            |    73 |   120 |    80 ||   273
Block: Buckler           |       |    33 |    38 ||    71
